 Dungeon Crawl Stone Soup version 0.30-a0-782-ge64f9170bb (webtiles) character file.

Game seed: 5448263859698974097

77021 theswoord the Tortoise (level 15, 0/90 HPs)
             Began as a Gargoyle Chaos Knight on Mar 17, 2023.
             Was a High Priest of Ru.
             Slain by a tengu warrior
             ... wielding a +3 bardiche of distortion
              (4 damage)
             ... on level 13 of the Dungeon.
             The game lasted 00:34:28 (18391 turns).

theswoord the Tortoise (Gargoyle Chaos Knight)     Turns: 18391, Time: 00:34:29

Health: 0/90       AC: 28    Str: 33    XL:     15   Next: 55%
Magic:  15/15      EV:  7    Int: 12    God:    Ru [*****.]
Gold:   1105       SH:  2    Dex:  8    Spells: 14/14 levels left

rFire   . . .      SeeInvis .    i - +9 war axe "Arbiter" {spect, rF+}
rCold   + + +      Faith    .    V - +0 buckler of Eternal Night {rN+ rCorr}
rNeg    + + .      Spirit   .    R - +0 ice dragon scales
rPois   ∞          Reflect  .    (helmet restricted)
rElec   +          Harm     .    f - +0 cloak of the Black Skies {rElec rC+ Stlth+}
rCorr   +          Rampage  .    D - +1 pair of gloves
Will    ++...                    k - +0 pair of boots Stlth
                                 y - amulet of the acrobat
HPRegen 0.35/turn                d - ring of willpower
MPRegen 0.14/turn                C - +6 ring of strength

@: flying, studying 2 skills
A: sickness immunity, AC +11, big wings, negative energy resistance 1,
electricity resistance, torment resistance 1, petrification resistance,
inability to use devices, hated by all, reduced EV 1, antennae 1, deformed body,
frail 1, strong 1, inability to read after injury 1
a: Renounce Religion, Sacrifice Words, Sacrifice Durability, Sacrifice Skill,
Reject Sacrifices, Draw Out Power, Power Leap, Apocalypse


You were on level 13 of the Dungeon.
You worshipped Ru.
Ru was extremely pleased with you.
You visited 3 branches of the dungeon, and saw 19 of its levels.

You collected 1485 gold pieces.
You spent 380 gold pieces at shops.

Inventory:

Hand Weapons
 a - a +1 mace of protection
 i - the +9 war axe "Arbiter" (weapon) {spect, rF+}
   (You found it on level 2 of the Dungeon)

   rF:        It protects you from fire.
 F - the +9 hand axe of Ziateif {heavy, rF+}
   (You found it on level 10 of the Dungeon)

   rF:        It protects you from fire.
 G - a +3 scimitar of flaming
Armour
 b - a +2 leather armour
 f - the +0 cloak of the Black Skies (worn) {rElec rC+ Stlth+}
   (You found it on level 3 of the Lair of Beasts)

   rC:        It protects you from cold.
   rElec:     It insulates you from electricity.
   Stlth:     It makes you more stealthy.
 k - a +0 pair of boots (worn)
 m - a +1 plate armour
 s - a +0 cloak
 v - a +0 helmet
 A - a +0 pair of gloves
 D - a +1 pair of gloves (worn)
 O - a scarf of repulsion
 R - +0 ice dragon scales (worn)
 U - the +1 pair of boots of the Farrier {Str-4 Dex+5}
   (You bought it in a shop on level 2 of the Dungeon)

   Str:       It affects your strength (-4).
   Dex:       It affects your dexterity (+5).
 V - the +0 buckler of Eternal Night (worn) {rN+ rCorr}
   (You bought it in a shop on level 2 of the Dungeon)

   rN:        It protects you from negative energy.
   rCorr:     It protects you from acid and corrosion.
Jewellery
 d - a ring of willpower (left hand)
 l - an amulet of magic regeneration
 y - an amulet of the acrobat (around neck)
 C - a +6 ring of strength (right hand)
 J - an amulet of guardian spirit
 Q - a ring of resist corrosion
 X - a ring of positive energy
Wands
 t - a wand of light (6)
 z - a wand of iceblast (6)
Scrolls
 j - 5 scrolls of teleportation
 p - 2 scrolls of magic mapping
 u - 4 scrolls of amnesia
 B - a scroll of immolation
 E - 3 scrolls of fear
 H - 3 scrolls of poison
 K - 3 scrolls of enchant armour
 L - a scroll of silence
 M - 3 scrolls of vulnerability
 N - 4 scrolls of brand weapon
 T - 3 scrolls of fog
 W - 3 scrolls of identify
Potions
 e - 4 potions of brilliance
 g - 2 potions of ambrosia
 h - 4 potions of flight
 n - 3 potions of curing {unknown}
 o - 6 potions of lignification
 q - 7 potions of heal wounds
 r - a potion of haste
 w - 2 potions of might
 x - a potion of magic {unknown}
 I - a potion of attraction {unknown}
 P - 2 potions of degeneration {unknown}
 S - a potion of berserk rage {unknown}
Miscellaneous
 c - a piece from Xom's chessboard (15/15) (quivered)


   Skills:
 + Level 14.7 Fighting
 - Level 15.7(16.0) Axes
 - Level 4.6(12.0) Maces & Flails
 + Level 16.9 Armour
 + Level 8.6 Dodging


You had 14 spell levels left.
You didn't know any spells.
Your spell library contained the following spells:

 Spells                   Type           Power      Damage    Failure   Level
 Kiss of Death            Conj/Necr      0%         2d5       61%         1
 Vampiric Draining        Necr           0%         2d6       93%         3
 Dragon Form              Tmut           0%         N/A       100%        7
 Haunt                    Necr/Summ      Unusable   N/A       N/A         7

Dungeon Overview and Level Annotations

Branches:
Dungeon (13/15)            Temple (1/1) D:7            Lair (5/5) D:9
 Shoals (0/4) Lair:3        Snake (0/4) Lair:2        Slime (0/5) Lair:5
    Orc (0/2) D:12
 Vaults: D:13-14

Altars:
Ashenzari
Cheibriados
Dithmenos
Elyvilon
Gozag
Kikubaaqudgha
Makhleb
Nemelex Xobeh
Okawaru
Qazlal
Ru
Sif Muna
Trog
Uskayaw
Vehumet
Wu Jian
Xom
Zin
The Shining One

Shops:
D:2 [   D:4 ?   D:6 :!   D:7 *

Annotations:
D:1 2 transporters
Temple 2 transporters
Lair:4 exclusion: oklob plant


Innate Abilities, Weirdness & Mutations

You are immune to sickness and miasma.
Your stone body is resilient. (AC +11)
You are immune to poison.
Your large and strong wings let you fly.
You resist negative energy. (rN+)
You are resistant to electric shocks. (rElec)
You are resistant to unholy torment.
You are immune to petrification.
You cannot study or use magical devices.
You are hated by all.
You have somewhat slow reflexes. (EV -5)
You have a pair of small antennae on your head.
Armour fits poorly on your strangely shaped body.
You are frail. (-10% HP)
Your muscles are strong. (Str +4, Int/Dex -1)
You occasionally lose the ability to read scrolls when taking damage.


Message History

The centaur barely misses you. The centaur misses you.
Things that are here:
a +0 shortbow; a centaur corpse You slice the centaur!!
You kill the centaur!
A tengu warrior comes into view. It is wielding a +1 bardiche of venom.
The tengu warrior shouts!
The tengu warrior closely misses you.
The tengu warrior completely misses you.
The tengu warrior barely misses you.
You slash the tengu warrior!
Your +9 war axe "Arbiter" {spect, rF+} hits the tengu warrior!!
The tengu warrior hits you with a +3 bardiche of distortion.
You blink.
The tengu warrior hits you with a +3 bardiche of distortion!
* * * LOW HITPOINT WARNING * * *
You blink.
The tengu warrior misses you.
The tengu warrior completely misses you.
The tengu warrior hits you from afar with a +3 bardiche of distortion.
* * * LOW HITPOINT WARNING * * *
You feel yourself speed up.
The tengu warrior hits you with a +1 bardiche of venom.
* * * LOW HITPOINT WARNING * * *
You focus your inner power and illuminate the tengu warrior in retribution!
The tengu warrior pecks you but does no damage.
The tengu warrior claws you but does no damage.
The tengu warrior hits you but does no damage.
Space warps horribly around you!
* * * LOW HITPOINT WARNING * * *
The tengu warrior closely misses you. You block the tengu warrior's attack.
You slash the tengu warrior! x2
Your +9 war axe "Arbiter" {spect, rF+} hits the tengu warrior!
The tengu warrior hits you with a +1 bardiche of venom!
* * * LOW HITPOINT WARNING * * *
The tengu warrior barely misses you. You block the tengu warrior's attack.
The tengu warrior hits you with a +3 bardiche of distortion!
* * * LOW HITPOINT WARNING * * *
Space warps around you.
You die...

....... .#.....................
.....## . .. #................
......###.# #.###......#.......#
.....##.#.####..#........#.......
............#!............#......
..........................#......
.........?........$....##........
.......................##........
................@.>....#.........
.....##.###....QQ(...............
.#...######))..................
.#..>.#....)...................
.....##.....................
.....#......................
............$......#........
).#...(.........#.##.......
†)#..............## ......


You could see 2 tengu warriors and a friendly +9 war axe "Arbiter" {spect, rF+}
(summoned).

Vanquished Creatures
  Kirke (Lair:4)
  A quicksilver ooze (Lair:5)
  The ghost of UltraNumeron the Severer, a journeyman HOMo of Jiyva (Lair:3)
  A dire elephant (Lair:5)
  The ghost of Xqipyl the Destroyer, a journeyman GrFE of Vehumet (D:12)
  The ghost of Wyusituq the Black Sun, a journeyman DsNe of Kikubaaqudgha (D:12)
  The ghost of Etaczut the Covert, a journeyman KoBr of Wu Jian (D:12)
  The ghost of Plog the Tainter, a journeyman DgVM (D:12)
  The ghost of Plog the Tainter, a journeyman DgVM (D:12)
  2 ice dragons
  Erica (D:11)
  A centaur warrior (D:13)
  A catoblepas (Lair:4)
  2 two-headed ogres
  A dancing weapon (Lair:3)
  4 boulder beetles
  6 death yaks
  Nergalle (Lair:2)
  Sonja (Lair:1)
  A sun demon (D:12)
  The ghost of mopl the Covert, a novice OpBr (D:6)
  A soul eater (D:12)
  The ghost of bmj180 the Geomancer, a novice GrEE of Vehumet (D:10)
  A sixfirhy (D:12)
  5 skeletal warriors (D:11)
  A skyshark (Lair:2)
  The ghost of Takeo the Covert, a novice KoBr of Wu Jian (D:6)
  5 lindwurms
  The ghost of emiel the Digger, a novice NaEE (D:6)
  4 manticores
  The ghost of Rueben the Conjurer, a novice GnCj (D:6)
  The ghost of UltraNumeron the Chucker, a novice GnWn of Sif Muna (D:6)
  A salamander (Lair:2)
  2 ugly things (D:12)
  5 elephants
  Maurice (D:8)
  6 black mambas
  12 cane toads
  6 torpor snails (Lair:5)
  2 gargoyles
  2 kobold demonologists (D:10)
  5 rime drakes
  A freezing wraith (D:13)
  12 komodo dragons
  3 meliai (D:13)
  Grinder (D:4)
  A hellwing (D:12)
  3 polar bears
  A tarantella (shapeshifter) (D:13)
  3 tyrant leeches (Lair:5)
  A snapping turtle (Lair:3)
  27 blink frogs
  7 hornets
  2 dream sheep (Lair:5)
  Prince Ribbit (D:5)
  A shadow (D:11)
  3 slime creatures (Lair:5)
  6 spriggans (Lair:3)
  52 yaks
  A wraith (D:12)
  7 fire bats
  A vampire (D:9)
  3 wyverns
  7 hogs (Lair:4)
  5 basilisks
  3 steam dragons
  8 vampire mosquitoes
  13 water moccasins
  An acid dragon (D:10)
  A hell hound (D:8)
  An ice beast (D:6)
  6 orc warriors
  2 black bears
  2 sky beasts (D:7)
  9 centaurs
  An ogre (D:11)
  A phantom (D:5)
  17 wolves
  Blork the orc (D:4)
  2 kobold brigands
  12 bullfrogs
  A gnoll sergeant (D:6)
  9 wights
  6 killer bees (D:8)
  7 howler monkeys
  5 lava snakes
  7 jellies
  2 quasits (D:12)
  2 hounds (D:6)
  3 orc priests
  Ijyb (D:3)
  5 hell rats (Lair:3)
  Natasha (thrice) (D:2)
  7 iguanas
  10 orc wizards
  8 gnolls
  3 adders
  5 white imps
  2 ufetubi (D:5)
  4 dart slugs
  37 orcs
  9 bats
  9 endoplasms
  8 giant cockroaches
  10 hobgoblins
  4 quokkas
  10 ball pythons
  4 frilled lizards
  3 goblins
  17 kobolds
  2 rats
  A spectral hobgoblin (D:7)
  A fire vortex (D:8)
  A plant (Lair:5)
530 creatures vanquished.

Vanquished Creatures (others)
  A hydra (Lair:4)
  A blink frog (Lair:2)
  An orc (D:11)
  2 demonic plants (D:12)
  2 fire vortices (D:8)
  29 fungi
  44 plants
  8 toadstools (Lair:4)
88 creatures vanquished.

Grand Total: 618 creatures vanquished

Notes
Turn   | Place    | Note
-------+----------+-------------------------------------------
     0 | D:1      | theswoord the Gargoyle Chaos Knight began the quest for the
                  | Orb.
     0 | D:1      | Reached XP level 1. HP: 14/14 MP: 1/1
    46 | D:1      | XOM: silly message
   126 | D:1      | Reached XP level 2. HP: 19/19 MP: 2/2
   138 | D:1      | XOM: silly message
   320 | D:1      | Reached XP level 3. HP: 23/23 MP: 3/3
   510 | D:1      | XOM: divination: detect creatures
   966 | D:2      | Found a faded altar of an unknown god.
   972 | D:2      | Identified the +9 war axe "Arbiter" {spect, rF+}
  1118 | D:2      | Noticed Natasha
  1121 | D:2      | Killed Natasha
  1122 | D:2      | Reached skill level 1 in Axes
  1122 | D:2      | Reached XP level 4. HP: 28/28 MP: 4/4
  1177 | D:2      | Noticed Natasha
  1182 | D:2      | Killed Natasha
  1285 | D:2      | Found Esair's Antique Armour Emporium.
  1324 | D:2      | Noticed Natasha
  1324 | D:2      | XOM: summons 4 friendly demons
  1328 | D:2      | Killed Natasha
  1329 | D:2      | Reached XP level 5. HP: 24/32 MP: 5/5
  1527 | D:3      | Found a snail-covered altar of Cheibriados.
  1703 | D:3      | Found a glowing golden altar of the Shining One.
  1719 | D:3      | Noticed Ijyb
  1725 | D:3      | Killed Ijyb
  1742 | D:3      | XOM: give mutations
  1742 | D:3      | Gained mutation: You are clumsy. (Dex -2) [Xom's mischief]
  1742 | D:3      | Gained mutation: You are frail. (-10% HP) [Xom's mischief]
  1797 | D:3      | XOM: summons 1 hostile demon
  1824 | D:3      | Found a shadowy altar of Dithmenos.
  2236 | D:4      | Noticed Grinder
  2241 | D:4      | Killed Grinder
  2242 | D:4      | Reached skill level 5 in Axes
  2242 | D:4      | Reached XP level 6. HP: 33/33 MP: 6/6
  2269 | D:4      | XOM: give mutations
  2269 | D:4      | Gained mutation: You expend magic power (3 MP) to
                  | strengthen your wands. [Xom's mischief]
  2269 | D:4      | Gained mutation: You are very clumsy. (Dex -4) [Xom's
                  | mischief]
  2269 | D:4      | Gained mutation: You occasionally lose the ability to read
                  | scrolls when taking damage. [Xom's mischief]
  2271 | D:4      | Noticed Blork the orc
  2273 | D:4      | Reached XP level 7. HP: 36/36 MP: 7/7
  2274 | D:4      | XOM: enchant monster (bad)
  2278 | D:4      | Killed Blork the orc
  2496 | D:4      | Found Enaegg's Magic Scroll Shoppe.
  2930 | D:5      | Entered Level 5 of the Dungeon
  2946 | D:5      | XOM is BORED!
  3189 | D:5      | Reached XP level 8. HP: 41/41 MP: 8/8
  3360 | D:5      | Noticed Prince Ribbit
  3366 | D:5      | Killed Prince Ribbit
  3570 | D:5      | You fall into a shaft and drop 3 floors!
  3586 | D:8      | XOM: summons friendly shadow imp
  3737 | D:7      | Found a staircase to the Ecumenical Temple.
  3765 | D:7      | Found Siysogyu's Elemental Accessories.
  3777 | D:7      | Fell from the grace of Xom
  3779 | Temple   | Entered the Ecumenical Temple
  3779 | Temple   | Found a transporter.
  3779 | Temple   | Found a transporter.
  3781 | Temple   | Found a transporter.
  3781 | Temple   | Found a transporter.
  3821 | Temple   | Became a worshipper of Ru the Awakened
  3951 | D:7      | Reached XP level 9. HP: 39/45 MP: 9/9
  4129 | D:7      | XOM: summons 2 hostile shadow creatures
  4155 | D:7      | XOM: polymorph orc -> gnoll
  4190 | D:7      | Reached skill level 10 in Axes
  4371 | D:6      | XOM: give mutations
  4371 | D:6      | Gained mutation: You occasionally lose the ability to drink
                  | potions when taking damage. [Xom's mischief]
  4371 | D:6      | Gained mutation: You are very frail. (-20% HP) [Xom's
                  | mischief]
  4392 | D:6      | Found Bonoh's Distillery.
  4461 | D:6      | Found a runed translucent gate.
  4462 | D:6      | Found a runed translucent gate.
  4463 | D:6      | Found a runed translucent gate.
  4465 | D:6      | Noticed emiel's ghost (novice NaEE)
  4465 | D:6      | Noticed Takeo's ghost (novice KoBr)
  4465 | D:6      | Noticed mopl's ghost (novice OpBr)
  4465 | D:6      | Noticed UltraNumeron's ghost (novice GnWn)
  4466 | D:6      | Noticed Rueben's ghost (novice GnCj)
  4529 | D:6      | XOM: give mutations
  4529 | D:6      | Gained mutation: You are weak. (Str -2) [Xom's mischief]
  4529 | D:6      | Gained mutation: You possess an exceptional clarity of
                  | mind. [Xom's mischief]
  4577 | D:6      | Gained mutation: You are hated by all. [Ru sacrifice]
  4577 | D:6      | Reached * piety under Ru
  4577 | D:6      | Reached ** piety under Ru
  4965 | D:6      | Found Axiobes's Book Shop.
  5231 | D:5      | XOM: give mutations
  5231 | D:5      | Lost mutation: You are very frail. (-20% HP) [Xom's
                  | mischief]
  5231 | D:5      | Lost mutation: You are very clumsy. (Dex -4) [Xom's
                  | mischief]
  5452 | D:5      | XOM: summons 7 hostile demons
  5818 | D:7      | XOM: stat loss: -1 Str (17/18)
  5851 | D:8      | Noticed Maurice
  5861 | D:8      | Killed Maurice
  5862 | D:8      | Found a stormy altar of Qazlal.
  5896 | D:8      | Reached XP level 10. HP: 29/50 MP: 10/10
  6483 | D:9      | Lost mutation: You occasionally lose the ability to read
                  | scrolls when taking damage. [potion of mutation]
  6483 | D:9      | Lost mutation: You occasionally lose the ability to drink
                  | potions when taking damage. [potion of mutation]
  6483 | D:9      | Lost mutation: You are weak. (Str -2) [potion of mutation]
  6483 | D:9      | Gained mutation: You occasionally lose the ability to read
                  | scrolls when taking damage. [potion of mutation]
  6483 | D:9      | Gained mutation: You are very frail. (-20% HP) [potion of
                  | mutation]
  6484 | D:9      | Lost mutation: You are clumsy. (Dex -2) [potion of
                  | mutation]
  6484 | D:9      | Lost mutation: You are very frail. (-20% HP) [potion of
                  | mutation]
  6484 | D:9      | Lost mutation: You expend magic power (3 MP) to strengthen
                  | your wands. [potion of mutation]
  6484 | D:9      | Gained mutation: Armour fits poorly on your strangely
                  | shaped body. [potion of mutation]
  6484 | D:9      | Gained mutation: Your muscles are strong. (Str +4, Int/Dex
                  | -1) [potion of mutation]
  6484 | D:9      | Gained mutation: You have a pair of small antennae on your
                  | head. [potion of mutation]
  6548 | D:9      | XOM: summons 4 hostile demons
  6690 | D:9      | Gained mutation: You cannot study or use magical devices.
                  | [Ru sacrifice]
  6690 | D:9      | Reached *** piety under Ru
  6690 | D:9      | Reached **** piety under Ru
  6758 | D:9      | Found a sparkling altar of Nemelex Xobeh.
  6758 | D:9      | XOM: silly message
  6924 | D:9      | Found a staircase to the Lair.
  6946 | D:9      | Noticed a gargoyle
  6949 | D:9      | Killed a gargoyle
  7235 | D:9      | Found a bloodstained altar of Trog.
  7237 | D:9      | Identified the +2 chain mail "Plog" {Int+5}
  7417 | D:10     | Entered Level 10 of the Dungeon
  7436 | D:10     | Found an opulent altar of Gozag.
  7440 | D:10     | Identified the +0 robe of the Orb Guardian {Rampage rN+
                  | Dex-5 Stlth+}
  7487 | D:10     | Noticed bmj180's ghost (novice GrEE)
  7488 | D:10     | Found a runed translucent door.
  7516 | D:10     | Noticed a kobold demonologist
  7516 | D:10     | Noticed a kobold demonologist
  7566 | D:10     | Killed a kobold demonologist
  7567 | D:10     | XOM: silly message
  7570 | D:10     | Killed a kobold demonologist
  7571 | D:10     | Reached XP level 11. HP: 53/54 MP: 11/11
  7742 | D:10     | Reached skill level 3 in Armour
  7807 | D:10     | Identified the +9 hand axe of Ziateif {heavy, rF+}
  7824 | D:10     | Noticed a two-headed ogre
  7829 | D:10     | Killed a two-headed ogre
  8147 | D:11     | XOM: noise
  8312 | D:11     | Noticed Erica
  8314 | D:11     | Reached skill level 4 in Armour
  8332 | D:11     | Killed Erica
  8333 | D:11     | Reached skill level 5 in Fighting
  8363 | D:11     | Gained mutation: You have somewhat slow reflexes. (EV -5)
                  | [Ru sacrifice]
  8363 | D:11     | Reached ***** piety under Ru
  8594 | D:11     | Noticed a skeletal warrior
  8594 | D:11     | Noticed a skeletal warrior
  8594 | D:11     | Noticed a skeletal warrior
  8621 | D:11     | Killed a skeletal warrior
  8622 | D:11     | Reached skill level 5 in Armour
  8624 | D:11     | Killed a skeletal warrior
  8625 | D:11     | Reached skill level 15 in Axes
  8626 | D:11     | Killed a skeletal warrior
  8705 | D:11     | Noticed a skeletal warrior
  8706 | D:11     | Noticed a skeletal warrior
  8712 | D:11     | Killed a skeletal warrior
  8713 | D:11     | Reached skill level 6 in Armour
  8715 | D:11     | Killed a skeletal warrior
  8766 | D:11     | Reached XP level 12. HP: 61/63 MP: 12/12
  8902 | D:11     | Reached skill level 7 in Armour
  9042 | D:11     | Noticed a boulder beetle
  9052 | D:11     | Killed a boulder beetle
  9329 | Lair:1   | Entered Level 1 of the Lair of Beasts
  9444 | Lair:1   | Noticed Sonja
  9450 | Lair:1   | Killed Sonja
  9453 | Lair:1   | Reached skill level 8 in Armour
 10278 | Lair:1   | XOM: draining
 10469 | Lair:2   | Noticed a death yak
 10470 | Lair:2   | Noticed a death yak
 10470 | Lair:2   | Noticed a death yak
 10477 | Lair:2   | Killed a death yak
 10478 | Lair:2   | Reached skill level 9 in Armour
 10482 | Lair:2   | Killed a death yak
 10488 | Lair:2   | Killed a death yak
 10599 | Lair:2   | Reached XP level 13. HP: 73/73 MP: 13/13
 10608 | Lair:2   | Reached skill level 10 in Fighting
 10610 | Lair:2   | Reached skill level 1 in Dodging
 10641 | Lair:2   | Identified the +9 short sword of the Moth {vamp, Will+}
 10671 | Lair:2   | Reached skill level 10 in Armour
 10701 | Lair:2   | Noticed Nergalle
 10710 | Lair:2   | Killed Nergalle
 11106 | Lair:2   | You fall into a shaft and drop 2 floors!
 11301 | Lair:3   | Found a transporter.
 11493 | Lair:2   | Found a staircase to the Snake Pit.
 11714 | Lair:3   | Found a transporter.
 11742 | Lair:3   | Identified the +0 cloak of the Black Skies {rElec rC+
                  | Stlth+}
 11936 | Lair:3   | Reached skill level 11 in Armour
 11947 | Lair:3   | XOM: 3-stop teleportation journey
 12026 | Lair:3   | Noticed an ice dragon
 12051 | Lair:3   | Killed an ice dragon
 12234 | Lair:3   | Found a staircase to the Shoals.
 12291 | Lair:3   | XOM: noise
 12449 | Lair:3   | Found a runed translucent door.
 12449 | Lair:3   | Found a shimmering altar of Xom.
 12449 | Lair:3   | Noticed UltraNumeron's ghost (journeyman HOMo)
 12799 | Lair:3   | Identified a scroll of acquirement
 12799 | Lair:3   | Acquired a manual of Armour
 12986 | D:6      | Killed emiel's ghost
 12990 | D:6      | Killed Rueben's ghost
 12993 | D:6      | Killed mopl's ghost
 12996 | D:6      | Killed Takeo's ghost
 12997 | D:6      | Killed UltraNumeron's ghost
 12998 | D:6      | Reached skill level 5 in Dodging
 13108 | D:10     | Killed bmj180's ghost
 13109 | D:10     | Reached skill level 12 in Armour
 13281 | Lair:4   | Gained mutation: Your large and strong wings let you fly.
                  | [Gargoyle growth]
 13281 | Lair:4   | Reached XP level 14. HP: 80/82 MP: 14/14
 13445 | Lair:4   | XOM: summons 1 hostile shadow creature
 13556 | Lair:4   | Found a runed translucent door.
 13967 | Lair:4   | Reached skill level 13 in Armour
 14186 | Lair:4   | Noticed Kirke
 14203 | Lair:4   | Killed Kirke
 14452 | Lair:4   | Identified the +4 ring mail of Tomorrow {rElec}
 14554 | Lair:5   | Entered Level 5 of the Lair of Beasts
 14642 | Lair:3   | Killed UltraNumeron's ghost
 14756 | Lair:3   | XOM: give mutation
 14756 | Lair:3   | Lost mutation: You possess an exceptional clarity of mind.
                  | [Xom's mischief]
 14756 | Lair:3   | Was forgiven by Xom
 14948 | Lair:5   | Reached skill level 14 in Armour
 15133 | Lair:5   | Noticed a dire elephant
 15146 | Lair:5   | Killed a dire elephant
 15535 | Lair:5   | Reached skill level 15 in Armour
 15566 | Lair:5   | Reached XP level 15. HP: 52/90 MP: 15/15
 16092 | Lair:5   | Found a staircase to the Slime Pits.
 16178 | Lair:5   | Found a runed translucent door.
 16353 | Lair:5   | Reached skill level 16 in Armour
 17339 | D:2      | Bought a pair of shimmering boots for 190 gold pieces
 17339 | D:2      | Identified the +1 pair of boots of the Farrier {Str-4
                  | Dex+5} (You bought it in a shop on level 2 of the Dungeon)
 17339 | D:2      | Bought a spiked buckler for 190 gold pieces
 17339 | D:2      | Identified the +0 buckler of Eternal Night {rN+ rCorr} (You
                  | bought it in a shop on level 2 of the Dungeon)
 17702 | D:12     | Found a staircase to the Orcish Mines.
 17773 | D:12     | Found a runed translucent gate.
 17773 | D:12     | Found a runed translucent gate.
 17774 | D:12     | Found a runed translucent gate.
 17775 | D:12     | Noticed Plog's ghost (journeyman DgVM)
 17775 | D:12     | Noticed Plog's ghost (journeyman DgVM)
 17776 | D:12     | Noticed Wyusituq's ghost (journeyman DsNe)
 17776 | D:12     | Noticed Xqipyl's ghost (journeyman GrFE)
 17776 | D:12     | Noticed Etaczut's ghost (journeyman KoBr)
 17801 | D:12     | Killed Etaczut's ghost
 17802 | D:12     | Killed Xqipyl's ghost
 17805 | D:12     | Killed Wyusituq's ghost
 17809 | D:12     | Killed Plog's ghost
 17820 | D:12     | Killed Plog's ghost
 17926 | D:12     | Got the Anthology of Shades and the Shapeshifter
 18391 | D:13     | HP: 4/90 [tengu warrior/+3 bardiche of distortion (11)]
 18391 | D:13     | Slain by a tengu warrior

Skill      XL: |  1  2  3  4  5  6  7  8  9 10 11 12 13 14 15 |
---------------+----------------------------------------------+-----
Maces & Flails | 4 |  4.6
Axes           | 1 2 5 7 9 12 14 15 | 15.7
Armour         | 6 9 12 15 16 | 16.9
Fighting       | 6 9 12 13 14 | 14.7
Dodging        | 5 7 8 |  8.6

Action                     |  1- 3 |  4- 6 |  7- 9 | 10-12 | 13-15 || total
---------------------------+-------+-------+-------+-------+-------++-------
  Melee: Mace              |    92 |       |       |       |       ||    92
         Punch             |     2 |       |       |     1 |     8 ||    11
         War axe           |     6 |    43 |   132 |   258 |   536 ||   975
         Scimitar          |       |       |       |       |     6 ||     6
 Invoke: Renounce Religion |       |       |     1 |       |       ||     1
         Sacrifice Love    |       |       |     1 |       |       ||     1
         Power Leap        |       |       |       |     3 |       ||     3
         Sacrifice Artific |       |       |       |     1 |       ||     1
         Draw Out Power    |       |       |       |     1 |     1 ||     2
         Apocalypse        |       |       |       |     1 |       ||     1
         Sacrifice Health  |       |       |       |     1 |       ||     1
  Evoke: Piece from Xom's  |       |       |     1 |       |       ||     1
    Use: Scroll            |     3 |     5 |     5 |     6 |     6 ||    25
         Potion            |       |       |       |     2 |     1 ||     3
   Stab: Confused          |     1 |       |       |       |       ||     1
         Paralysed         |       |       |       |     2 |       ||     2
         Distracted        |       |       |       |     5 |    12 ||    17
         Sleeping          |       |       |       |       |     1 ||     1
         Petrifying        |       |       |       |       |     2 ||     2
         Invisible         |       |       |       |       |     1 ||     1
 Armour: Leather armour    |    52 |     6 |       |       |       ||    58
         Plate armour      |       |    10 |    92 |   101 |   218 ||   421
         Ice dragon scales |       |       |       |       |    66 ||    66
  Dodge: Dodged            |    73 |    15 |    14 |    74 |   148 ||   324
  Block: Buckler           |       |       |       |       |     5 ||     5

Levels and vault maps discovered:
D:1:      spicycebolla_arrival_transporter_tutorial, layout_basic
D:2:      layout_basic, serial_shops, shop_statue,
          ebering_ecumenical_altar_rust, amethyst_killhole, uniq_natasha
D:3:      minmay_skewed_foursquare, layout_loops_ring,
          mainiacjoe_overflow_boulevard,
          nicolae_dithmenos_through_a_glass_darkly, lemuel_doored_altar,
          uniq_ijyb
D:4:      layout_basic, nicolae_inconvenience_store, uniq_blork_the_orc,
          uniq_grinder
D:5:      layout_cave_pods, uniq_prince_ribbit1
D:6:      layout_basic, gammafunk_ghost_cemetery, serial_shops,
          nicolae_square_shop, shop
D:7:      layout_gridville, nicolae_hepliaklqana_monster_ancestors,
          minmay_temple_entry_drinking_statues, grunt_ministairs_10,
          hangedman_decor_slide_cut, nicolae_elemental_shop
D:8:      layout_rooms, lemuel_round_altar, hangedman_incinerator, uniq_maurice
D:9:      layout_stronghold, mainiacjoe_overflow_catch_the_wave,
          lair_entry_dummy
D:10:     layout_cave_pools, mainiacjoe_overflow_concentric_impassable,
          nicolae_gozag_seed_capital, hellmonk_ghost_happy_afterlife
D:11:     layout_small_grid, special_room [special_room_orc], uniq_erica
D:12:     layout_gridville, orc_0_dummy, serial_demonic, serial_demonic_g,
          serial_demonic_e, serial_demonic_d, serial_demonic_e,
          serial_demonic_g, gammafunk_ghost_cemetery
D:13:     giant_chief_lemuel, layout_cave_pools, uniq_snorg, uniq_urug
Temple:   hellmonk_temple_divided_pantheon
Lair:1:   layout_cave_pods, nicolae_volcano_entry_batcave, st_stairs_11,
          lemuel_fruit_fields, grunt_megastairs_3, uniq_sonja
Lair:2:   layout_loops_ring, nicolae_snake_entry_warm_welcome,
          grunt_megastairs_5, uniq_nergalle
Lair:3:   gammafunk_worm_tunnel, layout_chaotic_city, minmay_shoals_entry_hut,
          portal_ice_cave_entry_animals_and_master, ebering_ghost_xom,
          wad_woods_01
Lair:4:   gammafunk_lair_enchanted_lake, layout_long_grid, uniq_kirke
Lair:5:   wormcave, layout_loops_ring, hangedman_lair_in_review,
          dpeg_slime_entry_enclosed, minivault_24, st_stairs_4,
          nicolae_lair_time_for_slime
